AoeStats
← Iguano Pop

Arabia

507216349Analyzed
1v1 RM · 15d ago on Sep 17, 2026· 32m 45s· 2 players
Game mode
Random Map
Map size
Tiny (2 player)
Population
200
Speed
Normal
Resources
Standard
Victory
Conquest
Starting age
Dark Age
Ending age
Imperial Age
RankedLock teamsTeams togetherTeam positionsShared explorationLock speedFull tech treeHidden civsTurbo modeCheats
Victory
Defeat
🇲🇽 Maya · Mexico
1321
+17
🇧🇬 Khitans · Bulgaria
1338
-17
Iguano Pop
0:26 Loom
10:11 Feudal Age
10:16 Man-at-Arms
14:01 Town Watch
15:42 Double-Bit Axe
18:41 Wheelbarrow
23:13 Fletching
29:06 Castle Age
28:17 Horse Collar
29:15 Crossbowman
29:50 Bodkin Arrow
IYI_cptn
6:56 Loom
9:17 Feudal Age
9:46 Double-Bit Axe
12:42 Forging
16:35 Scale Barding Armor
24:51 Fletching
29:19 Castle Age
29:20 Light Cavalry
30:37 Iron Casting
30:24 Husbandry
30:59 Chain Barding Armor
Connection lost

Rejoining the realm…

Still unreachable

The connection could not be restored.

Session expired

The server has moved on; the page needs a fresh start.